 Dungeon Crawl Stone Soup version 0.31.0-11-ge490571c62 (webtiles) character file.

Game seed: 13711582155674508943

25 qw the Shooter (level 2, -3/14 HPs)
             Began as a Spriggan Hunter on Feb 4, 2024.
             Slain by an adder (4 damage)
             ... on level 2 of the Dungeon.
             The game lasted 00:00:03 (1118 turns).

qw the Shooter (Spriggan Hunter)                    Turns: 1118, Time: 00:00:03

Health: -3/14      AC:  2    Str:  7    XL:     2   Next: 86%
Magic:  3/3        EV: 19    Int: 10    God:
Gold:   67         SH:  0    Dex: 18    Spells: 1/1 levels left

rFire   . . .        a - +0 shortbow
rCold   . . .        (shield currently unavailable)
rNeg    . . .        c - +0 robe
rPois   .            (helmet restricted)
rElec   .            (no cloak)
rCorr   .            (gloves unavailable)
SInv    +            (boots unavailable)
Will    .....        (no amulet)
Stlth   ++           (no ring)
HPRegen 0.22/turn    (no ring)
MPRegen 0.08/turn

%: no passive effects
@: lethally poisoned (-3 -> -6), very quick
A: very small, no large weapons, unfitting armour, see invisible, speed 3
a: no special abilities


You were on level 2 of the Dungeon.
You visited 1 branch of the dungeon, and saw 2 of its levels.

You collected 67 gold pieces.


Innate Abilities, Weirdness & Mutations

You are very small and have problems with some larger weapons.
You are too small for most types of armour.
You have supernaturally acute eyesight. (SInv)
You cover ground extremely quickly. (Speed+++)


   Skills:
 - Level 1.5 Fighting
 + Level 4.3 Ranged Weapons
 - Level 4.0 Dodging
 - Level 1.5 Stealth


You had one spell level left.
You didn't know any spells.
Your spell library was empty.

Inventory:

Hand Weapons
 a - a +0 shortbow (weapon)
Armour
 c - a +0 robe (worn)
Scrolls
 b - a scroll of identify {unknown}
Potions
 d - 4 potions of curing
 e - 2 potions of attraction {unknown}
 f - a potion of might {unknown}
 g - a potion of invisibility {unknown}

Dungeon Overview and Level Annotations

Branches:
Dungeon (2/15)

Altars:

Shops:
D:1 (


Message History

You kill the rat!
You see here a rat corpse.
d - 4 potions of curing (gained 1)
You now have 55 gold pieces (gained 9).
A bat comes into view.
Found 12 gold pieces.
You shoot an arrow. The arrow hits the bat!
You kill the bat!
You now have 67 gold pieces (gained 12).
f - a lumpy cyan potion A bat comes into view.
Found a stone staircase leading down.
You shoot an arrow. The arrow hits the bat.
You kill the bat!
An adder comes into view.
The adder hisses angrily.
You shoot an arrow. The arrow misses the adder.
You shoot an arrow. The arrow hits the adder.
The adder is heavily wounded.
You shoot an arrow. The arrow barely misses the adder.
The adder bites you.
You are poisoned.
The adder poisons you! The adder misses you.
You shoot an arrow. The arrow barely misses the adder.
You feel sick. The adder bites you.
You shoot an arrow. The arrow misses the adder.
You feel sick. The adder completely misses you. x2
You shoot an arrow. The arrow closely misses the adder.
You feel sick. The adder misses you.
You shoot an arrow.
The arrow hits the adder but does no damage.
The adder is heavily wounded.
You feel sick. The adder bites you.
You are lethally poisoned!
The adder poisons you! The adder completely misses you.
You shoot an arrow. The arrow misses the adder.
You feel sick. The adder misses you.
You shoot an arrow. The arrow barely misses the adder.
You feel sick. The adder barely misses you. The adder bites you.
You die...

.# .# # ## #.
.. . .# #.#
.#.# .### #.#
.#.##.# ...#
#.# .%... ...#
#.#######..#
.#.#
#.#.....@.#
##.#
#.#.#####S.#
##.# #..#.#
.....
...######.###.#
#.>.#.#
##.........#
... #.##
##########.#
### .# ## #


You could see an adder.

Vanquished Creatures
  A dart slug (D:1)
  A ribbon worm (D:2)
  2 endoplasms (D:1)
  A giant cockroach (D:1)
  A goblin (D:1)
  A quokka (D:1)
  A ball python (D:1)
  5 bats
  3 frilled lizards (D:1)
  5 kobolds
  3 rats
24 creatures vanquished.

Notes
Turn   | Place    | Note
-------+----------+-------------------------------------------
     0 | D:1      | qw the Spriggan Hunter began the quest for the Orb.
     0 | D:1      | Reached XP level 1. HP: 10/10 MP: 2/2
     0 | D:1      | 0 ||| qw: Version: 0.3-a-160-g6735b56
     0 | D:1      | 0 ||| qw: Game counter: 5832
     0 | D:1      | 0 ||| qw: Melee chars always use a shield: true
     0 | D:1      | 0 ||| qw: God list: Okawaru
     0 | D:1      | 0 ||| qw: Allow faded altars: false
     0 | D:1      | 0 ||| qw: Do Orc after clearing Dungeon:15 true
     0 | D:1      | 0 ||| qw: Do second Lair branch before Depths: true
     0 | D:1      | 0 ||| qw: Lair rune preference: random
     0 | D:1      | 0 ||| qw: Goals: Normal
     0 | D:1      | 0 ||| PLANNING D:1-11
    10 | D:1      | Reached skill level 3 in Dodging
   342 | D:1      | Reached XP level 2. HP: 14/14 MP: 3/3
   356 | D:1      | Found Ris Peup's Weapon Boutique.
   367 | D:1      | 367 ||| READING scroll labelled XAARIGAIXI.
   775 | D:1      | 775 ||| READING scroll labelled NODIEN LAHAYMU.
   876 | D:1      | 876 ||| READING scroll labelled EZOTRA LEAN.
   877 | D:1      | 877 ||| DRINKING 4 bubbling emerald potions.
   878 | D:1      | 878 ||| DROPPING scroll of butterflies.
  1116 | D:2      | HP: 3/14 [adder (1)]
  1118 | D:2      | HP: 1/14 [poisoned by an adder]
  1118 | D:2      | Slain by an adder

Levels and vault maps discovered:
D:1:      psy_arrival_basics, layout_basic, serial_shops, shop
D:2:      layout_loops_ring, minmay_pentomino_s2

Skill      XL: |  1  2 |
---------------+-------+-----
Dodging        | 3 4 |  4.0
Fighting       | |  1.5
Ranged Weapons | |  4.3
Stealth        | |  1.5

Action                     || total
---------------------------++-------
   Fire: Shortbow          ||    68
    Use: Scroll            ||     3
         Potion            ||     1
 Armour: Robe              ||     5
  Dodge: Dodged            ||    10

Table legend:
 A = Non-vault XP
 B = Vault XP
 C = Vault XP percentage of total XP
 D = Non-vault monster count
 E = Vault monster count
 F = Vault count percentage of total count
                 A         B        C        D         E       F
            +---------+---------+-------+---------+---------+-------
      Total |      37 |       0 |   0.0 |      24 |       0 |   0.0
            +---------+---------+-------+---------+---------+-------
        D:1 |      23 |       0 |   0.0 |      15 |       0 |   0.0
        D:2 |      14 |       0 |   0.0 |       9 |       0 |   0.0
            +---------+---------+-------+---------+---------+-------
